cohdb
Replays
Latest Replays
All Replays
Popular Replays
Top Player Replays
Match Explorer
How It Works
Community
CoH3 Stats
Reddit
Sign in to upload your games and track your stats! →
Sign in with Steam
Match 37985423
Unlisted
Match 37985423
Overview
Messages
Build Orders
End
Royal Engineer Section
Construct Section Command Post
Selects Indian Artillery Battlegroup
Infantry Section
Vickers Machine Gun Team
Infantry Section
Grenade Package
Infantry Section
Selects Towed ML 4.2-inch Heavy Mortar
Construct Platoon Command Post
Selects Valour
Humber Armored Car
Vickers Machine Gun Team
Selects Off-map Airburst Barrage
Construct Field Infirmary
Selects Gurkha Rifles Section
Construct Company Command Post
Selects Pillage
Foot Guards Section
Matilda II Heavy Tank
Matilda II Heavy Tank
Selects Off-map Airburst Barrage
Infantry Section
Off-map Airburst Barrage
BIOHAZARD
sfc.14
0
0
Comments
sign in to comment!
No comments posted yet!